 Dungeon Crawl Stone Soup version 0.21.1-1-g345015fe64 (webtiles) character file.

5177 Bapho the Cruncher (level 10, -2/79 HPs)
             Began as a Demonspawn Necromancer on June 14, 2018.
             Was a Follower of Kikubaaqudgha.
             Slain by a two-headed ogre
             ... wielding a +0 giant spiked club
              (16 damage)
             ... on level 10 of the Dungeon.
             The game lasted 00:46:22 (16496 turns).

Bapho the Cruncher (Demonspawn Necromancer)        Turns: 16496, Time: 00:46:22

Health: -2/79      AC:  5    Str:  8    XL:     10   Next: 34%
Magic:  15/17      EV: 18    Int: 19    God:    Kikubaaqudgha [*.....]
Gold:   494        SH:  0    Dex: 13    Spells: 6/18 levels left

rFire    . . .     SeeInvis +   C - +0 quarterstaff "Ukkir" {protect, +Blink rN+ MR-}
rCold    + . .     Gourm    .   (shield currently unavailable)
rNeg     + . .     Faith    .   a - +0 robe
rPois    .         Spirit   .   (helmet restricted)
rElec    .         Reflect  .   y - +1 cloak
rCorr    .         Harm     .   (no gloves)
MR       .....                  z - +0 pair of boots
Stlth    ++........             (no amulet)
HPRegen  0.23/turn              f - ring of see invisible
MPRegen  0.15/turn              (no ring)

@: no status effects
A: horns 1, repulsion field 2, cold resistance 1, dopey 1, magic resistance 1,
freezing cloud immunity
a: Receive Corpses, Renounce Religion, Evoke Blink


You were on level 10 of the Dungeon.
You worshipped Kikubaaqudgha.
Kikubaaqudgha was aware of your devotion.
You were near starving.

You visited 2 branches of the dungeon, and saw 11 of its levels.
You also visited: Bailey.

You collected 494 gold pieces.

Inventory:

Hand Weapons
 d - a +0 club
 i - a +4 quarterstaff of chaos
 k - a +0 hunting sling
 o - a +1 morningstar of protection
 C - the +0 quarterstaff "Ukkir" (weapon) {protect, +Blink rN+ MR-}
   (You found it on level 5 of the Dungeon)

   It protects the one who uses it against injury (+AC on strike).
   It protects you from negative energy.
   It affects your resistance to hostile enchantments.
   It lets you blink.
Missiles
 e - 95 sling bullets
 h - 307 stones (quivered)
Armour
 a - a +0 robe (worn)
 y - a +1 cloak (worn)
 z - a +0 pair of boots (worn)
Jewellery
 f - a ring of see invisible (left hand)
 m - an uncursed amulet of magic regeneration {unknown}
 v - a cursed ring of teleportation {unknown}
 A - a +2 ring of strength {unknown}
 I - an uncursed ring of ice {unknown}
Wands
 E - a wand of iceblast (14)
 Q - a wand of disintegration (16)
Scrolls
 c - a scroll of teleportation {unknown}
 p - 3 scrolls of amnesia {unknown}
 q - 2 scrolls of magic mapping {unknown}
 t - 4 scrolls of enchant armour
 u - 3 scrolls of remove curse
 w - 3 scrolls of fog {unknown}
 D - 2 scrolls of enchant weapon {unknown}
 J - 4 scrolls of identify
 L - a scroll of immolation {unknown}
 N - a scroll of fear {unknown}
Potions
 g - a potion of ambrosia {unknown}
 j - 3 potions of brilliance
 l - 2 potions of cancellation
 n - a potion of heal wounds
 r - 2 potions of might {unknown}
 s - 4 potions of agility
 F - a potion of magic
 G - 2 potions of haste
 H - a potion of curing
 K - 3 potions of lignification {unknown}
 O - a potion of degeneration {unknown}
Books
 b - a book of Necromancy

   Spells                             Type                      Level
   a - Pain                           Necromancy                   1
   b - Animate Skeleton               Necromancy                   1
   c - Vampiric Draining              Necromancy                   3
   d - Regeneration                   Charms/Necromancy            3
   e - Animate Dead                   Necromancy                   4
   f - Borgnjor's Vile Clutch         Necromancy/Earth             5
 B - a book of Misfortune

   Spells                             Type                      Level
   a - Confusing Touch                Hexes                        1
   b - Confuse                        Hexes                        3
   c - Gell's Gravitas                Translocation                3
   d - Petrify                        Transmutation/Earth          4
   e - Metabolic Englaciation         Hexes/Ice                    5
   f - Yara's Violent Unravelling     Hexes/Transmutation          5
 M - Kikubaaqudgha's Reference Book on Unholy Secrets
   (Kikubaaqudgha gifted it to you on level 8 of the Dungeon)

   Spells                             Type                      Level
   a - Animate Skeleton               Necromancy                   1
   b - Pain                           Necromancy                   1
   c - Sublimation of Blood           Necromancy                   2
   d - Regeneration                   Charms/Necromancy            3
Comestibles
 x - 7 rations


   Skills:
 - Level 7.5 Fighting
 + Level 9.2 Staves
 - Level 6.1 Dodging
 - Level 1.7 Stealth
 * Level 4.7 Spellcasting
 - Level 6.0 Necromancy


You had 6 spell levels left.
You knew the following spells:

 Your Spells              Type           Power        Failure   Level  Hunger
a - Pain                  Necr           ####         1%          1    None
b - Animate Skeleton      Necr           N/A          1%          1    None
c - Vampiric Draining     Necr           ####......   3%          3    ###....
d - Animate Dead          Necr           N/A          11%         4    ####...
e - Regeneration          Chrm/Necr      ###.......   11%         3    ###....


Dungeon Overview and Level Annotations

Branches:
Dungeon (10/15)            Temple (1/1) D:6            Lair (0/6) D:10
    Orc: D:9-12

Altars:
Ashenzari
Cheibriados
Dithmenos
Elyvilon
Fedhas
Gozag
Hepliaklqana
Kikubaaqudgha
Makhleb
Nemelex Xobeh
Okawaru
Qazlal
Ru
Sif Muna
Trog
Uskayaw
Vehumet
Wu Jian
Xom
Yredelemnul
Zin
The Shining One

Shops:
D:7 [}

Annotations:
D:3 P0WERM0DE's ghost, amateur DsFi
D:9 Ursun's ghost, novice DDFi


Innate Abilities, Weirdness & Mutations

You have a pair of small horns on your head.
You are surrounded by a moderate repulsion field. (EV +3)
Your flesh is cold resistant. (rC+)
You are immune to freezing clouds.
You are dopey. (Int -2)
You are resistant to hostile enchantments. (MR+)


Message History

Ursun's ghost hits you.
You climb downwards.
The two-headed ogre hits you with a giant spiked club.
The two-headed ogre misses you.
There is a stone staircase leading up, spattered with blood here.
Casting: Regeneration
Confirm with . or Enter, or press ? or * to list all spells.
Aiming: Vampiric Draining
Press: ? - help, Shift-Dir - straight line, f - two-headed ogre
Aim: a two-headed ogre, wielding two giant spiked clubs The two-headed ogre is lightly wounded.
You feel life coursing into your body.
You are near starving!
The two-headed ogre hits you with a giant spiked club!
The two-headed ogre hits you with a giant spiked club!!
* * * LOW HITPOINT WARNING * * *
The two-headed ogre completely misses you.
The two-headed ogre hits you with a giant spiked club!
You die...
Kikubaaqudgha rasps: "You have failed me!
Welcome... death!"

.........##...##.... #. #.#.
.#..#######...#...#.# .###. ...##
#..## #....#.....##.>.>..### #
#.## #..........#.....# #
#.########....#........... #
..........>...............
#.####........#......##... ####
#.##.................##... ###.ho
................@....##...##...##
#................O#..# #...h.###
.!###...?...........###..#####
#.# #....#...)..#.#..#..# #.#
#....#<.....#.....)#
#..........<...#####
#....####...#.## ...... #..##.#
..... ........


You could see a two-headed ogre.

Vanquished Creatures
  Psyche (D:9)
  Joseph (D:8)
  A gargoyle (D:9)
  Sigmund (D:6)
  A wyvern (D:9)
  2 water moccasins
  2 phantoms (D:4)
  A sky beast (D:5)
  3 ice beasts
  A black bear (D:8)
  An orc warrior (D:10)
  A hornet zombie (D:5)
  3 ogres
  2 centaurs
  2 bullfrogs
  2 scorpions
  3 killer bees (D:6)
  5 wights (D:7)
  2 howler monkeys
  4 crimson imps
  4 jellies
  A quasit (D:9)
  A gnoll shaman (D:6)
  A bullfrog zombie (D:8)
  3 hounds
  9 orc wizards
  Crazy Yiuf (D:3)
  2 bullfrog skeletons
  14 orc priests
  3 iguanas
  A centaur skeleton (D:9)
  Ijyb (D:1)
  Terence (D:3)
  7 worker ants
  3 hound zombies
  6 adders
  12 gnolls
  4 shadow imps
  7 oozes
  2 adder zombies (D:5)
  2 adder skeletons
  3 worms
  2 dart slugs
  4 leopard geckos
  28 orcs
  A ball python (D:2)
  3 giant cockroaches (D:3)
  14 goblins
  12 hobgoblins
  10 jackals
  3 quokkas
  5 bats
  11 frilled lizards
  10 kobolds
  A leopard gecko skeleton (D:4)
  A quokka skeleton (D:6)
  6 rats
238 creatures vanquished.

Vanquished Creatures (collateral kills)
  A water moccasin skeleton (D:4)
  A crimson imp (D:3)
  A worker ant (D:9)
  An orc (D:5)
  A kobold (D:1)
5 creatures vanquished.

Grand Total: 243 creatures vanquished

Notes
Turn   | Place    | Note
-------+----------+-------------------------------------------
     0 | D:1      | Bapho the Demonspawn Necromancer began the quest for the Orb.
     0 | D:1      | Reached XP level 1. HP: 13/13 MP: 3/3
     7 | D:1      | Learned a level 1 spell: Animate Skeleton
   601 | D:1      | Gained mutation: You are surrounded by a mild repulsion field. (EV +2) [demonic ancestry]
   601 | D:1      | Reached XP level 2. HP: 19/19 MP: 3/5
   943 | D:1      | Reached skill level 5 in Necromancy
  1466 | D:1      | Reached XP level 3. HP: 21/24 MP: 2/6
  1585 | D:2      | Learned a level 3 spell: Vampiric Draining
  2550 | D:1      | Reached XP level 4. HP: 4/30 MP: 1/8
  2762 | D:2      | Noticed Ijyb
  2820 | D:1      | Killed Ijyb
  3145 | D:2      | Learned a level 4 spell: Animate Dead
  3636 | D:3      | Gained mutation: Your flesh is cold resistant. (rC+) [demonic ancestry]
  3636 | D:3      | Reached XP level 5. HP: 31/36 MP: 3/9
  3810 | D:3      | Reached skill level 1 in Fighting
  3862 | D:3      | Noticed P0WERM0DE's ghost (amateur DsFi)
  4318 | D:3      | Noticed Terence
  4610 | D:3      | Killed Terence
  4732 | D:3      | Gained mutation: You are surrounded by a moderate repulsion field. (EV +3) [demonic ancestry]
  4732 | D:3      | Reached XP level 6. HP: 27/46 MP: 2/10
  5414 | D:3      | Found a runed door.
  5421 | D:3      | Gained mutation: Your body sometimes deteriorates upon taking damage. [potion of mutation]
  5421 | D:3      | Gained mutation: Your flesh is heat resistant. (rF+) [potion of mutation]
  5422 | D:3      | Noticed Crazy Yiuf
  5428 | D:3      | Killed Crazy Yiuf
  6110 | D:4      | Reached skill level 1 in Staves
  6485 | D:4      | Gained mutation: You are immune to freezing clouds. [demonic ancestry]
  6485 | D:4      | Reached XP level 7. HP: 49/52 MP: 11/11
  6603 | D:4      | Reached skill level 2 in Staves
  7083 | D:4      | Reached skill level 3 in Staves
  7592 | D:5      | Entered Level 5 of the Dungeon
  7613 | D:5      | Reached XP level 8. HP: 54/61 MP: 3/12
  7717 | D:5      | Reached skill level 4 in Staves
  8110 | D:4      | Lost mutation: Your flesh is heat resistant. (rF+) [potion of mutation]
  8110 | D:4      | Lost mutation: Your body sometimes deteriorates upon taking damage. [potion of mutation]
  8110 | D:4      | Gained mutation: You are dopey. (Int -2) [potion of mutation]
  8110 | D:4      | Gained mutation: You are resistant to hostile enchantments. (MR+) [potion of mutation]
  8409 | D:5      | Found a hide-covered altar of Uskayaw.
  8409 | D:5      | Found a radiant altar of Vehumet.
  8410 | D:5      | Found a burning altar of Makhleb.
  8427 | D:5      | Found a basalt altar of Yredelemnul.
  8486 | D:5      | Reached skill level 5 in Dodging
  8495 | D:5      | Reached skill level 5 in Fighting
  8495 | D:5      | Reached skill level 5 in Staves
  8651 | D:5      | Got a faintly glowing quarterstaff
  8652 | D:5      | Identified the cursed +0 quarterstaff "Ukkir" {protect, +Blink rN+ MR-} (You found it on level 5 of the Dungeon)
  8971 | D:5      | Learned a level 3 spell: Regeneration
  9147 | D:5      | You fall through a shaft for 2 floors!
  9160 | D:7      | Found Roarekh's Gadget Boutique.
  9266 | D:7      | Found a sparkling altar of Nemelex Xobeh.
  9283 | D:7      | Reached skill level 6 in Staves
  9489 | D:6      | Found a staircase to the Ecumenical Temple.
  9499 | Temple   | Entered the Ecumenical Temple
  9525 | Temple   | Became a worshipper of Kikubaaqudgha
  9722 | D:5      | Reached XP level 9. HP: 69/69 MP: 13/13
 10126 | D:6      | Found an ornate altar of the Wu Jian Council.
 10132 | D:6      | Noticed Sigmund
 10148 | D:6      | Killed Sigmund
 11297 | D:7      | Reached skill level 7 in Staves
 11947 | D:7      | Found Xyajat's Antique Armour Shop.
 12707 | D:8      | Reached * piety under Kikubaaqudgha
 12707 | D:8      | Identified Kikubaaqudgha's Reference Book on Unholy Secrets (Kikubaaqudgha gifted it to you on level 8 of the Dungeon)
 12707 | D:8      | Received a gift from Kikubaaqudgha
 12794 | D:8      | Found a flagged portal.
 12800 | Bailey   | Entered a bailey
 13128 | D:8      | Reached skill level 8 in Staves
 13670 | D:8      | Noticed Joseph
 13702 | D:8      | Killed Joseph
 13927 | D:9      | Noticed Ursun's ghost (novice DDFi)
 14143 | D:9      | You fall through a shaft!
 14143 | D:10     | Entered Level 10 of the Dungeon
 14172 | D:10     | Found a staircase to the Lair.
 14180 | D:10     | Noticed a two-headed ogre
 14188 | D:10     | Gained mutation: You have a pair of small horns on your head. [demonic ancestry]
 14188 | D:10     | Reached XP level 10. HP: 71/79 MP: 6/14
 14503 | D:9      | HP: 3/79 [Ursun's ghost (17)]
 15121 | D:9      | Noticed Psyche
 15147 | D:9      | Killed Psyche
 15147 | D:9      | Reached skill level 9 in Staves
 15518 | D:9      | Found a shadowy altar of Dithmenos.
 16092 | D:10     | Noticed a gargoyle
 16233 | D:9      | Killed a gargoyle
 16496 | D:10     | Slain by a two-headed ogre

Skill      XL: |  1  2  3  4  5  6  7  8  9 10 |
---------------+-------------------------------+-----
Necromancy     | 5 6 |  6.0
Spellcasting   | 3 4 |  4.7
Dodging        | 2 3 4 5 6 |  6.1
Fighting       | 2 3 4 5 7 |  7.5
Staves         | 1 3 6 8 9 |  9.2
Stealth        | |  1.7

Action                   |  1- 3 |  4- 6 |  7- 9 | 10-12 || total
-------------------------+-------+-------+-------+-------++-------
Melee: Club              |    19 |    43 |       |       ||    62
       Quarterstaff      |       |    28 |   445 |   120 ||   593
       Morningstar       |       |     7 |       |       ||     7
       Headbutt          |       |       |       |    11 ||    11
Throw: Stone             |    17 |    15 |   134 |    30 ||   196
 Cast: Pain              |    69 |   103 |   145 |    56 ||   373
       Animate Skeleton  |    12 |     1 |       |     1 ||    14
       Vampiric Draining |     4 |    14 |    37 |     8 ||    63
       Animate Dead      |       |     6 |    10 |     3 ||    19
       Regeneration      |       |       |       |     7 ||     7
Invok: Receive Corpses   |       |       |       |     2 ||     2
  Use: Scroll            |       |     3 |     5 |       ||     8
       Potion            |       |     1 |     3 |     1 ||     5
 Stab: Distracted        |       |     1 |     1 |     1 ||     3
       Paralysed         |       |       |     1 |       ||     1
       Invisible         |       |       |     1 |       ||     1
  Eat: Chunk             |     3 |    11 |    19 |     3 ||    36
       Ration            |     1 |     1 |     3 |     2 ||     7
Armor: Robe              |     6 |    14 |    85 |    23 ||   128
Dodge: Dodged            |    36 |   122 |   484 |   126 ||   768
